 Dungeon Crawl Stone Soup version 0.27.1 (webtiles) character file.

Game seed: 6625900224584605473

1943 Gwenloh the Cleaver (level 9, -10/65 HPs)
             Began as a Formicid Abyssal Knight on Sept 4, 2021.
             Was a High Priest of Lugonu.
             Killed from afar by an electric eel (15 damage)
             ... with a bolt of electricity
             ... on level 6 of the Dungeon.
             The game lasted 00:30:08 (8468 turns).

Gwenloh the Cleaver (Formicid Abyssal Knight)       Turns: 8468, Time: 00:30:09

Health: -10/65     AC:  5    Str: 18    XL:     9   Next: 41%
Magic:  11/11      EV: 11    Int: 11    God:    Lugonu [*****.]
Gold:   229        SH:  5    Dex: 13    Spells: 8/8 levels left

rFire    . . .     SeeInvis +   a - +1 executioner's axe (flame)
rCold    . . .     Faith    .   (no shield)
rNeg     . . .     Spirit   .   w - +0 ring mail
rPois    .         Reflect  +   (helmet unavailable)
rElec    .         Harm     .   (no cloak)
rCorr    .         Rampage  .   (no gloves)
Will     .....                  (no boots)
Stlth    +.........             s - amulet of reflection
HPRegen  0.20/turn              u - ring of flight
MPRegen  0.12/turn              (no ring)

@: flying
A: permanent stasis, dig shafts and tunnels, antennae 3, four strong arms
a: Dig, Shaft Self, Renounce Religion, Depart the Abyss, Bend Space, Banish,
Corrupt, Enter the Abyss


You were on level 6 of the Dungeon.
You worshipped Lugonu.
Lugonu was extremely pleased with you.
You visited 1 branch of the dungeon, and saw 7 of its levels.
You visited the Abyss 1 time.
You also visited: Sewer.

You collected 229 gold pieces.

Inventory:

Hand Weapons
 a - a +1 executioner's axe of flaming (weapon)
 b - a +0 hunting sling
 c - a +2 vorpal battleaxe
 t - a +1 hand axe
Missiles
 f - 37 poisoned darts (quivered)
 j - 129 stones
 k - 20 sling bullets
 r - 5 javelins
 x - 36 bolts
 y - a throwing net
Armour
 g - a +0 leather armour
 w - a +0 ring mail (worn)
 A - a +0 scale mail
Jewellery
 s - an amulet of reflection (around neck)
 u - a ring of flight (left hand)
Wands
 n - a wand of acid (20)
 z - a wand of flame (15)
 H - a wand of polymorph (8)
 J - a wand of iceblast (6)
Scrolls
 h - 3 scrolls of teleportation
 m - 3 scrolls of fog {unknown}
 o - a scroll of noise
 q - a scroll of torment
 v - 2 scrolls of enchant weapon {unknown}
 C - 2 scrolls of fear {unknown}
 G - a scroll of vulnerability {unknown}
 I - a scroll of identify
 K - a scroll of enchant armour {unknown}
Potions
 d - 4 potions of haste {unknown}
 e - 3 potions of degeneration {unknown}
 i - a potion of flight {unknown}
 l - 2 potions of curing {unknown}
 p - a potion of lignification {unknown}
 B - 4 potions of cancellation {unknown}
 D - a potion of magic {unknown}
 E - 5 potions of heal wounds {unknown}
 F - a potion of attraction {unknown}


   Skills:
 - Level 4.0 Fighting
 * Level 11.0 Axes
 - Level 3.0 Armour
 - Level 2.0 Dodging
 - Level 3.0 Invocations


You had 8 spell levels left.
You didn't know any spells.
Your spell library contained the following spells:

 Spells                   Type           Power      Damage    Failure   Level
 Animate Skeleton         Necr           0%         N/A       52%         1
 Apportation              Tloc           0%         N/A       52%         1
 Corona                   Hex            0%         N/A       52%         1
 Summon Small Mammal      Summ           0%         N/A       52%         1


Dungeon Overview and Level Annotations

Branches:
Dungeon (7/15)             Temple (0/1) D:5           Sewer (visited)

Altars:
Kikubaaqudgha
Makhleb
Okawaru
Sif Muna
Trog


Innate Abilities, Weirdness & Mutations

You cannot be hasted, slowed, berserked, paralysed or teleported.
You can dig through walls and to a lower floor.
You have a pair of large antennae on your head. (SInv)
Your four strong arms can wield two-handed weapons with a shield.


Message History

You hear a splash.
You feel a bit more experienced.
You start resting.
HP restored.
J - a wand of iceblast (6)
K - a scroll labelled XOTZOGEQOW
v - 2 scrolls labelled MUANOS RUTAOS (gained 1)
j - 129 stones (gained 30)
You reach down and open the door.
There is an open door here.
There is an open door here.
You see here an electric eel corpse.
You extend your mandibles.
You dig through the rock wall. 3 electric eels and a white imp come into view.
Found a chain mail and 16 gold pieces.
The white imp shouts, "Fly, thou twisted toenail-biting toady!"
The electric eel shoots out a bolt of lightning at you!
The bolt of electricity hits you!
The electric eel shoots out a bolt of lightning at you!
The bolt of electricity hits the electric eel.
The electric eel completely resists.
The bolt of electricity hits you!
The electric eel shoots out a bolt of lightning at you!
The bolt of electricity hits you!
The electric eel shoots out a bolt of lightning at you!
The bolt of electricity hits you!
* * * LOW HITPOINT WARNING * * *
You retract your mandibles.
An electric eel is nearby!
The electric eel shoots out a bolt of lightning at you!
The bolt of electricity hits you!
* * * LOW HITPOINT WARNING * * *
The electric eel shoots out a bolt of lightning at you!
The bolt of electricity hits you.
* * * LOW HITPOINT WARNING * * *
The electric eel shoots out a bolt of lightning at you!
The bolt of electricity misses you.
The electric eel shoots out a bolt of lightning at you!
The bolt of electricity hits you!
You die...

####.≈≈#####
#.###.##).##..
##..+##≈≈...##
#............. #.....
####.)######...######.
#.....##..'##.......#.#
#.
#.P.PP#.....#.####....#
#. #≈P.P$#.....#.#
#.#### #.
#..$[;..†.≈≈#.# #.# ##.
#≈;.{{#≈≈.≈.#.# #.##
##.. ##≈;;##≈....@.#
#..## ##... ####
#≈≈.≈≈..####...####....
..5
{##≈≈≈##...........'....
###
#####..####...####....
≈≈..+..# #..## ##...
######.#####.## ##.. ##
#...# ##. #.### ## #.#
####


You could see an electric eel.

Vanquished Creatures
  Eustachio (D:6)
  A water moccasin (D:6)
  A sky beast (D:5)
  A black bear (D:5)
  2 necrophages
  An ogre (D:5)
  A kobold brigand (D:6)
  A bullfrog (D:5)
  3 scorpions
  A water moccasin skeleton (D:6)
  2 wights (D:6)
  3 electric eels (D:6)
  A howler monkey (D:3)
  A bullfrog zombie (D:5)
  2 hounds (D:5)
  A centaur skeleton (D:7)
  3 orc priests
  2 iguanas (D:4)
  3 orc wizards
  8 gnolls
  2 river rats (D:5)
  5 adders
  A shadow imp (D:6)
  2 ufetubi (D:5)
  An adder skeleton (D:2)
  4 worms
  2 dart slugs
  20 orcs
  8 endoplasms
  2 giant cockroaches
  8 hobgoblins
  11 jackals
  11 kobolds
  5 quokkas
  12 ball pythons
  3 bats
  10 frilled lizards
  4 goblins
  13 rats
163 creatures vanquished.

Vanquished Creatures (others)
  33 plants
33 creatures vanquished.

Grand Total: 196 creatures vanquished

Notes
Turn   | Place    | Note
-------+----------+-------------------------------------------
     0 | Abyss:1  | Gwenloh the Formicid Abyssal Knight began the quest for the
                  | Orb.
     0 | Abyss:1  | Reached XP level 1. HP: 18/18 MP: 2/2
    77 | Abyss:1  | Noticed a chaos spawn
   116 | Abyss:1  | Noticed a ynoxinul
   118 | D:1      | Escaped the Abyss
   389 | D:1      | Reached skill level 1 in Dodging
   389 | D:1      | Reached XP level 2. HP: 16/24 MP: 3/3
   391 | D:1      | Reached * piety under Lugonu
   406 | D:1      | You fall into a shaft and drop 1 floor!
   962 | D:1      | Reached XP level 3. HP: 29/29 MP: 4/4
  1876 | D:2      | Reached XP level 4. HP: 37/37 MP: 6/6
  1901 | D:2      | Found a bloodstained altar of Trog.
  2341 | D:3      | Reached ** piety under Lugonu
  2370 | D:3      | Found a shimmering blue altar of Sif Muna.
  2750 | D:3      | Found a faded altar of an unknown god.
  3245 | D:3      | Reached skill level 3 in Axes
  3245 | D:3      | Reached XP level 5. HP: 42/42 MP: 7/7
  3575 | D:4      | Reached skill level 4 in Axes
  3616 | D:3      | Reached XP level 6. HP: 43/48 MP: 8/8
  3692 | D:4      | Found a burning altar of Makhleb.
  3716 | D:4      | Reached *** piety under Lugonu
  3948 | D:4      | Reached skill level 5 in Axes
  3950 | D:4      | Identified a scroll of acquirement
  3994 | D:4      | Noticed a necrophage
  4007 | D:4      | Killed a necrophage
  4008 | D:4      | Reached skill level 6 in Axes
  4008 | D:4      | Reached XP level 7. HP: 40/54 MP: 9/9
  4104 | D:4      | Acquired a +1 executioner's axe of flaming
  4424 | D:5      | Entered Level 5 of the Dungeon
  4632 | D:5      | Found a glowing drain.
  4641 | Sewer    | Entered a sewer
  4993 | Sewer    | Reached **** piety under Lugonu
  5341 | D:5      | Reached skill level 7 in Axes
  5431 | D:5      | Reached XP level 8. HP: 3/60 MP: 10/10
  5824 | D:5      | Reached skill level 8 in Axes
  6049 | D:6      | Noticed Eustachio
  6089 | D:5      | Found a staircase to the Ecumenical Temple.
  6126 | D:6      | Reached skill level 9 in Axes
  6470 | D:5      | Found an ancient bone altar of Kikubaaqudgha.
  7025 | D:6      | Found an iron altar of Okawaru.
  7115 | D:6      | Killed Eustachio
  7116 | D:6      | Reached skill level 10 in Axes
  7116 | D:6      | Reached XP level 9. HP: 51/65 MP: 11/11
  8020 | D:6      | HP: 1/65 [electric eel/bolt of electricity (9)]
  8023 | D:6      | Reached skill level 11 in Axes
  8345 | D:6      | Reached ***** piety under Lugonu
  8468 | D:6      | Killed from afar by an electric eel

Illustrated notes

Levels and vault maps discovered:
D:1:      dpeg_arrival_rhombus, layout_rooms
D:2:      layout_basic, basic_altar, amcnicky_mini_rare_corridor_liquid,
          grunt_decor_mini_mirrors
D:3:      layout_basic, mainiacjoe_overflow_surrounded_room,
          shapermc_ecumenical_altar_venn, kennysheep_generic_room_9
D:4:      layout_rooms, bloody_makhleb
D:5:      layout_basic, old_standard_altar, minmay_temple_entry_waves,
          portal_sewer_entry_e
D:6:      cheibrodos_two_vegetables, layout_loops_corners,
          nicolae_overflow_crystal_walls, general_overflow_altar,
          uniq_eustachio, uniq_menkaure, uniq_edmund
D:7:      minmay_chambers_of_sixes, layout_rooms, kennysheep_mini_moat,
          nicolae_shop_self_help

Skill      XL: |  1  2  3  4  5  6  7  8  9 |
---------------+----------------------------+-----
Dodging        | 1 2 |  2.0
Fighting       | 4 |  4.0
Invocations    | 3 |  3.0
Armour         | 3 |  3.0
Axes           | 3 4 6 7 10 11 | 11.0

Action                   |  1- 3 |  4- 6 |  7- 9 || total
-------------------------+-------+-------+-------++-------
Melee: Hand axe          |    75 |    42 |       ||   117
       Battleaxe         |       |    78 |       ||    78
       Executioner's axe |       |       |   207 ||   207
 Fire: Hunting sling     |    59 |    48 |    55 ||   162
Invok: Depart the Abyss  |     1 |       |       ||     1
       Bend Space        |       |     1 |       ||     1
 Abil: Dig               |     2 |     4 |    33 ||    39
       Shaft Self        |     1 |       |       ||     1
Evoke: Wand              |       |       |     3 ||     3
  Use: Scroll            |       |     5 |     2 ||     7
Armor: Leather armour    |    35 |     3 |       ||    38
       Ring mail         |       |    13 |    53 ||    66
Dodge: Dodged            |    46 |    60 |   115 ||   221
Block: Other             |       |    32 |    63 ||    95
       Reflection        |       |       |     1 ||     1
